 Dungeon Crawl Stone Soup version 0.29-a0-330-g52719c12eb (webtiles) character file.

Game seed: 16080598732639485610

4070 kae the Arsonist (level 9, -3/64 HPs)
             Began as a Demigod Fire Elementalist on Apr 23, 2022.
             Shot with an arrow by a centaur (7 damage)
             ... on level 9 of the Dungeon.
             The game lasted 00:07:17 (11199 turns).

kae the Arsonist (Demigod Fire Elementalist)       Turns: 11199, Time: 00:07:17

Health: -3/64      AC:  8    Str: 12    XL:     9   Next: 76%
Magic:  6/23       EV: 10    Int: 29    God:
Gold:   506        SH:  8    Dex: 14    Spells: 9/22 levels left

rFire   + . .      SeeInvis +   c - +3 whip (spect)
rCold   x . .      Faith    .   H - +0 kite shield
rNeg    . . .      Spirit   .   G - +0 acid dragon scales
rPois   +          Reflect  .   I - +0 helmet
rElec   +          Harm     .   E - +0 cloak
rCorr   +          Rampage  .   (no gloves)
Will    +....                   (no boots)
Stlth   ++........              (no amulet)
HPRegen 0.20/turn               k - ring of see invisible
MPRegen 0.18/turn               s - ring of Beecuegg {Fire rElec rPois Will+ Str+3}

@: studying Fire Magic
A: high MP 1, forlorn, divine attributes
a: no special abilities


You were on level 9 of the Dungeon.
You visited 1 branch of the dungeon, and saw 9 of its levels.

You collected 506 gold pieces.

Inventory:

Hand Weapons
 c - a +3 spectral whip (weapon)
Missiles
 D - 5 throwing nets
Armour
 a - a +1 robe
 E - a +0 cloak (worn)
 G - +0 acid dragon scales (worn)
 H - a +0 kite shield (worn)
 I - a +0 helmet (worn)
Jewellery
 k - a ring of see invisible (left hand)
 m - a +6 ring of dexterity
 n - a ring of wizardry
 r - an amulet of magic regeneration
 s - the ring of Beecuegg (right hand) {Fire rElec rPois Will+ Str+3}
   (You acquired it on level 7 of the Dungeon)

   [ring of fire]

   It enhances your fire magic.
   Str:       It affects your strength (+3).
   rF:        It protects you from fire.
   rC:        It makes you vulnerable to cold.
   rElec:     It insulates you from electricity.
   rPois:     It protects you from poison.
   Will:      It increases your willpower.
 x - a ring of protection from fire
 y - a +4 ring of evasion
 F - a ring of wizardry
Wands
 v - a wand of paralysis (14)
 B - a wand of iceblast (26)
Scrolls
 f - 2 scrolls of fear
 l - 2 scrolls of blinking
 o - a scroll of noise
 z - a scroll of amnesia
 C - a scroll of enchant weapon
Potions
 b - 4 potions of magic
 d - 2 potions of haste
 e - 3 potions of degeneration
 g - a potion of might
 h - 4 potions of cancellation
 i - 4 potions of mutation
 j - a potion of attraction
 p - a potion of brilliance
 q - 6 potions of heal wounds
 t - 2 potions of flight
 u - 2 potions of curing
 w - 3 potions of berserk rage
 A - 4 potions of lignification {unknown}


   Skills:
 + Level 1.4 Fighting
 + Level 1.4 Armour
 + Level 2.5 Dodging
 - Level 1.7 Stealth
 + Level 1.4 Shields
 - Level 7.0 Spellcasting
 - Level 7.4 Conjurations
 - Level 10.2 Fire Magic


You had 9 spell levels left.
You knew the following spells:

 Your Spells              Type           Power      Damage    Failure   Level
a - Foxfire               Conj/Fire      100%       2x1d9     1%          1
b - Scorch                Fire           100%       2d10      1%          2
c - Conjure Flame         Conj/Fire      75%        6-21      2%          3
d - Inner Flame           Hex/Fire       56%        N/A       10%         3
e - Flame Wave            Conj/Fire      75%        2d13      7%          4

Your spell library contained the following spells:

 Spells                   Type           Power      Damage    Failure   Level
 Magic Dart               Conj           100%       1d8       1%          1
 Searing Ray              Conj           100%       2d8       1%          2
 Shock                    Conj/Air       100%       1d9       6%          1
 Beastly Appendage        Tmut           20%        N/A       26%         1
 Wereblood                Tmut           10%        N/A       36%         2
 Fulminant Prism          Conj/Hex       15%        3d11      50%         4
 Spider Form              Tmut/Pois      10%        N/A       61%         3


Dungeon Overview and Level Annotations

Branches:
Dungeon (9/15)             Temple (0/1) D:4
   Lair: D:8-11         Orc: D:9-12

Shops:
D:6 (

Annotations:
D:4 1 runed translucent door, exclusion: upstairs, nago's ghost, amateur GnAM
D:8 2 transporters


Innate Abilities, Weirdness & Mutations

You have an increased reservoir of magic. (+10% MP)
You shall have no god before yourself.
Your divine heritage dramatically boosts your attributes as you level up.


Message History

The splash of acid hits you! You resist.
The foxfire hits the acid dragon!
The acid dragon is heavily wounded.
The centaur shoots an arrow.
The arrow misses you.
The foxfire hits the acid dragon.
The acid dragon is severely wounded.
The centaur shoots an arrow.
You block the arrow.
Casting: Foxfire (safe; 1% risk of failure)
Confirm with . or Enter, or press ? or * to list all spells.
You feel a surge of power!
You conjure some foxfire!
The foxfire hits the acid dragon.
The acid dragon is severely wounded.
The foxfire hits the acid dragon but does no damage.
The acid dragon is severely wounded.
The acid dragon spits acid at you. The splash of acid hits you! You resist.
The centaur shoots an arrow.
You block the arrow.
Casting: Foxfire (safe; 1% risk of failure)
Confirm with . or Enter, or press ? or * to list all spells.
You feel a surge of power!
Flames lash the acid dragon.
The acid dragon is almost dead.
The acid dragon's fire resistance burns away.
The centaur shoots an arrow.
The arrow barely misses you. The acid dragon barely misses you. x2
The centaur shoots an arrow.
The arrow hits you.
The acid dragon bites you but does no damage.
The acid dragon claws you.
The centaur shoots an arrow.
The arrow hits you!
* * * LOW HITPOINT WARNING * * *
The arrow burns you.
* * * LOW HITPOINT WARNING * * *
Casting: Scorch (safe; 1% risk of failure)
Confirm with . or Enter, or press ? or * to list all spells.
You feel a surge of power!
Flames lash the acid dragon.
The acid dragon is burned terribly!
You kill the acid dragon!
The acid dragon scales are intact enough to wear.
The centaur shoots an arrow.
The arrow hits you!
* * * LOW HITPOINT WARNING * * *
The centaur shoots an arrow.
The arrow hits you!
You die...

#......####
......
#..........
#.#........
#..........
#..........
#.........#
#..........
#..........
#..@..##...
#...[......
#.........8
#..........
#...#c..8..
#..........
#.......8.8
#..........


You could see a centaur.

Vanquished Creatures
  Maggie (D:6)
  Grinder (D:6)
  A yak (D:8)
  A wyvern (D:9)
  2 steam dragons (D:8)
  An acid dragon (D:9)
  Duvessa (D:6)
  A water moccasin (D:7)
  An orc warrior (D:6)
  A sky beast (D:7)
  A black bear (D:8)
  3 centaurs
  An ogre (D:4)
  A phantom (D:6)
  A kobold brigand (D:9)
  2 bullfrogs (D:8)
  A gnoll sergeant (D:6)
  2 scorpions
  Dowan (D:6)
  17 wights
  3 howler monkeys
  2 hounds
  3 jellies
  An orc priest (D:2)
  Ijyb (D:4)
  2 iguanas
  4 orc wizards
  9 gnolls
  4 adders
  2 shadow imps
  2 white imps
  2 ufetubi
  3 dart slugs
  24 orcs
  4 ball pythons
  2 bats
  6 endoplasms
  3 giant cockroaches
  10 goblins
  12 hobgoblins
  10 kobolds
  2 quokkas
  4 frilled lizards (D:2)
  11 rats
167 creatures vanquished.

Vanquished Creatures (collateral kills)
  3 foxfires (D:3)
3 creatures vanquished.

Vanquished Creatures (others)
  A wight (D:8)
  529 foxfires
  2 withered plants (D:4)
532 creatures vanquished.

Grand Total: 702 creatures vanquished

Notes
Turn   | Place    | Note
-------+----------+-------------------------------------------
     0 | D:1      | kae the Demigod Fire Elementalist began the quest for the
                  | Orb.
     0 | D:1      | Reached XP level 1. HP: 14/14 MP: 5/5
    95 | D:1      | Reached skill level 1 in Conjurations
   312 | D:1      | Reached XP level 2. HP: 20/20 MP: 2/7
   661 | D:1      | Reached skill level 3 in Fire Magic
  1594 | D:2      | Learned a level 2 spell: Scorch
  1748 | D:2      | Reached XP level 3. HP: 26/26 MP: 6/9
  1802 | D:2      | Learned a level 3 spell: Conjure Flame
  2688 | D:2      | Reached XP level 4. HP: 14/33 MP: 4/10
  3986 | D:4      | Reached XP level 5. HP: 38/38 MP: 8/12
  4119 | D:4      | Noticed an ogre
  4125 | D:4      | Killed an ogre
  4126 | D:4      | Reached skill level 4 in Fire Magic
  4229 | D:4      | Found a runed translucent door.
  4229 | D:4      | Noticed nago's ghost (amateur GnAM)
  4325 | D:4      | Found a staircase to the Ecumenical Temple.
  4854 | D:5      | Entered Level 5 of the Dungeon
  4859 | D:5      | Learned a level 3 spell: Inner Flame
  5203 | D:5      | Reached XP level 6. HP: 45/45 MP: 8/14
  5592 | D:5      | Noticed Ijyb
  5622 | D:4      | Killed Ijyb
  6011 | D:6      | Noticed Maggie
  6021 | D:6      | Killed Maggie
  6022 | D:6      | Reached skill level 5 in Fire Magic
  6022 | D:6      | Reached XP level 7. HP: 13/50 MP: 7/16
  6305 | D:6      | Noticed Duvessa
  6318 | D:6      | Killed Duvessa
  6319 | D:6      | Reached skill level 6 in Fire Magic
  6746 | D:6      | Reached skill level 5 in Conjurations
  6824 | D:6      | Noticed Dowan
  6829 | D:6      | Killed Dowan
  6961 | D:6      | Reached skill level 5 in Spellcasting
  6993 | D:6      | Got Sif Muna's Almanac of Conjuration
  7008 | D:6      | Reached XP level 8. HP: 16/57 MP: 13/19
  7294 | D:6      | Reached skill level 7 in Fire Magic
  7642 | D:6      | Noticed Grinder
  7651 | D:6      | Killed Grinder
  7825 | D:6      | Found Aheq's Antique Weapon Shop.
  8088 | D:7      | Learned a level 4 spell: Flame Wave
  8309 | D:7      | Reached skill level 8 in Fire Magic
  9318 | D:7      | Identified a scroll of acquirement
  9318 | D:7      | Acquired the ring of Beecuegg {Fire rElec rPois Will+
                  | Str+3}
  9468 | D:8      | Reached XP level 9. HP: 58/62 MP: 18/22
  9493 | D:8      | Reached skill level 9 in Fire Magic
  9952 | D:8      | Found a transporter.
  9956 | D:8      | Found a transporter.
  9957 | D:8      | Noticed a centaur warrior
  9974 | D:8      | Noticed a catoblepas
  9978 | D:8      | Noticed a six-headed hydra
 10389 | D:8      | Reached skill level 10 in Fire Magic
 11125 | D:9      | Reached skill level 1 in Fighting
 11125 | D:9      | Reached skill level 1 in Armour
 11125 | D:9      | Reached skill level 1 in Shields
 11199 | D:9      | Shot with an arrow by a centaur

Illustrated notes

Levels and vault maps discovered:
D:1:      scummos_arrival_simple_fountains, layout_basic
D:2:      layout_rooms, minmay_tree_intersection, glass_columns_b
D:3:      cheibrodos_greedy_goblins, layout_rooms,
          mainiacjoe_overflow_boulevard, minitemple,
          nicolae_overflow_ecumenical_swirl
D:4:      layout_cave_pods, mainiacjoe_overflow_surrounded_room,
          minmay_temple_entry_purple_smoke, gammafunk_ghost_grave, nrook_uturn
D:5:      layout_basic, overflow_temple_1_default, uniq_ijyb
D:6:      layout_loops_ring, nzn_overflow_gifts_of_might_and_magic,
          nemelex_spade_bored_becter, serial_shops, shop, uniq_grinder,
          uniq_maggie, uniq_duvessa
D:7:      layout_basic
D:8:      layout_gridville, gammafunk_temple_overflow_arena, lemuel_round_altar,
          minmay_quadrilaterals
D:9:      layout_stronghold, zin_treasury, enter_bailey_6, serial_column_ruins,
          column_ruins_hut, column_ruins_hut_ruined, column_ruins_columns_T,
          column_ruins_grid_4, column_ruins_open_medium, column_ruins_open_tiny,
          column_ruins_columns_corner, column_ruins_grid_4,
          kennysheep_island_fort

Skill      XL: |  1  2  3  4  5  6  7  8  9 |
---------------+----------------------------+-----
Conjurations   | 1 2 3 4 5 6 7 |  7.4
Spellcasting   | 2 3 4 5 6 7 |  7.0
Fire Magic     | 3 4 5 6 8 10 | 10.2
Dodging        | 2 |  2.5
Fighting       | 1 |  1.4
Armour         | 1 |  1.4
Shields        | 1 |  1.4
Stealth        | |  1.7

Action                   |  1- 3 |  4- 6 |  7- 9 || total
-------------------------+-------+-------+-------++-------
Melee: Whip              |    19 |     9 |     7 ||    35
 Cast: Foxfire           |   116 |    94 |   107 ||   317
       Scorch            |     6 |    19 |    40 ||    65
       Inner Flame       |       |     1 |    19 ||    20
       Conjure Flame     |       |       |     3 ||     3
       Flame Wave        |       |       |     3 ||     3
  Use: Scroll            |     8 |       |    14 ||    22
       Potion            |       |     2 |       ||     2
Armor: Robe              |     6 |     6 |     2 ||    14
       Acid dragon scale |       |       |    19 ||    19
Dodge: Dodged            |    41 |    26 |    36 ||   103
Block: Kite shield       |       |       |    14 ||    14

Table legend: (Time is in decaauts)
 A = Elapsed time spent in this place.
 B = Non-inter-level travel time spent in this place.
 C = Inter-level travel time spent in this place.
 D = Time resting spent in this place.
 E = Time spent auto-exploring this place.
 F = Levels seen in this place.
 G = Mean time per level.
                   A        B        C        D        E       F      G
               +--------+--------+--------+--------+--------+-----+--------+
         Total |  11206 |  10670 |    536 |    844 |   8387 |   9 | 1245.1 |
       Dungeon |  11206 |  10670 |    536 |    844 |   8387 |   9 | 1245.1 |
               +--------+--------+--------+--------+--------+-----+--------+

Top non-repeatable levels by time:
     D:6: 1896 daAuts
     D:7: 1595 daAuts
     D:1: 1590 daAuts
     D:8: 1457 daAuts
     D:2: 1258 daAuts
     D:5: 1113 daAuts
     D:3: 1086 daAuts
     D:4: 1052 daAuts
     D:9: 154 daAuts
